WLB
SAN DIEGO PADRES @ TORONTO BLUE PIRATES
05/19/2024
 
TOP OF THE 1ST
San Diego Padres batting - Pitching for Toronto Blue Pirates : LHP John Means
Pitching: LHP John Means
Batting: RHB Jonny DeLuca 0-0: Called Strike
0-1: Fly out, F8 (Flyball, 8LS, EV 96.9 MPH)
Batting: LHB Nolan Jones 0-0: Called Strike
0-1: Foul Ball, location: 3FF
0-2: Strikes out swinging
Batting: RHB Anthony Volpe 0-0: Called Strike
0-1: Ball
1-1: Foul Ball, location: 2F
1-2: Strikes out looking
Top of the 1st over - 0 runs, 0 hits, 0 errors, 0 left on base; San Diego 0 - Toronto 0
BOTTOM OF THE 1ST
Toronto Blue Pirates batting - Pitching for San Diego Padres : RHP Huascar Ynoa
Pitching: RHP Huascar Ynoa
Batting: LHB Christian Yelich 0-0: Fly out, F8 (Flyball, 8RXD, EV 98.8 MPH)
Batting: RHB Yandy Diaz 0-0: Ball
1-0: Foul Ball, location: 9LSF
1-1: Ball
2-1: Swinging Strike
2-2: Ball
3-2: Foul Ball, location: 5F
3-2: Foul Ball, location: 5SF
3-2: Strikes out swinging
Batting: LHB Jack Suwinski 0-0: Called Strike
0-1: Ball
1-1: Swinging Strike
1-2: Strikes out swinging
Bottom of the 1st over - 0 runs, 0 hits, 0 errors, 0 left on base; San Diego 0 - Toronto 0
TOP OF THE 2ND
San Diego Padres batting - Pitching for Toronto Blue Pirates : LHP John Means
Batting: RHB Danny Jansen 0-0: Called Strike
0-1: Ball
1-1: Ground out 4-3 (Groundball, 4, EV 89.4 MPH)
Batting: RHB Bryan Ramos 0-0: Ball
1-0: Ball
2-0: Fly out, F4 (Popup, 4, EV 68.1 MPH)
Batting: SHB Victor Caratini 0-0: Ball
1-0: Foul Ball, location: 23FF
1-1: Fly out, F8 (Flyball, 78S, EV 93.1 MPH)
Top of the 2nd over - 0 runs, 0 hits, 0 errors, 0 left on base; San Diego 0 - Toronto 0
BOTTOM OF THE 2ND
Toronto Blue Pirates batting - Pitching for San Diego Padres : RHP Huascar Ynoa
Batting: RHB Willson Contreras 0-0: Called Strike
0-1: Called Strike
0-2: Ball
1-2: Ball
2-2: Ground out 5-3 (Groundball, 56, EV 85.6 MPH)
Batting: RHB Xander Bogaerts 0-0: Fly out, F4 (Line Drive, 4, EV 60.0 MPH)
Batting: LHB Bryson Stott 0-0: Foul Ball, location: 3DF
0-1: Fly out, F4 (Popup, 13S, EV 91.3 MPH)
Bottom of the 2nd over - 0 runs, 0 hits, 0 errors, 0 left on base; San Diego 0 - Toronto 0
TOP OF THE 3RD
San Diego Padres batting - Pitching for Toronto Blue Pirates : LHP John Means
Batting: RHB Brennen Davis 0-0: Foul Ball, location: 5FF
0-1: Ball
1-1: Ball
2-1: Foul Ball, location: 25F
2-2: SOLO HOME RUN (Flyball, 7LD, EV 90.0 MPH), Distance : 345 ft
Batting: LHB Kyle Isbel 0-0: Ground out U3 (Groundball, 3, EV 87.5 MPH)
Batting: RHB Ezequiel Tovar 0-0: SINGLE (Groundball, 4MD, EV 98.8 MPH)
Batting: RHB Jonny DeLuca 0-0: Swinging Strike
0-1: Swinging Strike
0-2: Foul Ball, location: 3F
0-2: Ball
1-2: Ball
2-2: Foul Ball, location: 3SF
2-2: Foul Ball, location: 9LDF
2-2: Strikes out swinging
Batting: LHB Nolan Jones 0-0: Ball
1-0: Ground out 4-3 (Groundball, 4, EV 84.4 MPH)
Top of the 3rd over - 1 run, 2 hits, 0 errors, 1 left on base; San Diego 1 - Toronto 0
BOTTOM OF THE 3RD
Toronto Blue Pirates batting - Pitching for San Diego Padres : RHP Huascar Ynoa
Batting: RHB Luis Torrens 0-0: Called Strike
0-1: Swinging Strike
0-2: Ball
1-2: Strikes out swinging
Batting: LHB Steven Kwan 0-0: Ball
1-0: Fly out, F7 (Line Drive, 7, EV 85.0 MPH)
Batting: RHB Kevin Newman 0-0: Ball
1-0: Swinging Strike
1-1: Ground out 6-3 (Groundball, 6, EV 109.4 MPH)
Bottom of the 3rd over - 0 runs, 0 hits, 0 errors, 0 left on base; San Diego 1 - Toronto 0
TOP OF THE 4TH
San Diego Padres batting - Pitching for Toronto Blue Pirates : LHP John Means
Batting: RHB Anthony Volpe 0-0: Ball
1-0: Ball
2-0: Ball
3-0: Swinging Strike
3-1: Foul Ball, location: 7LSF
3-2: SINGLE (Line Drive, 7S, EV 111.3 MPH)
Batting: RHB Danny Jansen 0-0: Grounds into double play, 4-6-3 (Groundball, 4, EV 91.9 MPH)
Batting: RHB Bryan Ramos 0-0: Called Strike
0-1: Ground out 6-3 (Groundball, 56, EV 95.0 MPH)
Top of the 4th over - 0 runs, 1 hit, 0 errors, 0 left on base; San Diego 1 - Toronto 0
BOTTOM OF THE 4TH
Toronto Blue Pirates batting - Pitching for San Diego Padres : RHP Huascar Ynoa
Batting: LHB Christian Yelich 0-0: Called Strike
0-1: Foul Ball, location: 7LMF
0-2: Ball
1-2: Ball
2-2: Ball
3-2: Foul Ball, location: 3F
3-2: Base on Balls
Batting: RHB Yandy Diaz 0-0: Swinging Strike
0-1: Ball
1-1: Called Strike
1-2: Ball
2-2: SINGLE (Groundball, 34D, EV 103.8 MPH)
Christian Yelich to second
Runner from 2nd tries for 3rd, SAFE, no throw by RF
Batting: LHB Jack Suwinski 0-0: Fielders Choice at 2nd, 4-6 (Groundball, 34, EV 100.6 MPH)
Christian Yelich scores
Batting: RHB Willson Contreras 0-0: Ball
1-0: Ball
2-0: Called Strike
2-1: Grounds into double play, 5-4-3 (Groundball, 56, EV 85.6 MPH)
Bottom of the 4th over - 1 run, 1 hit, 0 errors, 0 left on base; San Diego 1 - Toronto 1
TOP OF THE 5TH
San Diego Padres batting - Pitching for Toronto Blue Pirates : LHP John Means
Batting: SHB Victor Caratini 0-0: Called Strike
0-1: Called Strike
0-2: Fly out, F8 (Flyball, 8RD, EV 83.1 MPH)
Batting: RHB Brennen Davis 0-0: Foul Ball, location: 2F
0-1: Ball
1-1: SINGLE (Groundball, 6D, EV 98.1 MPH)
Batting: LHB Kyle Isbel 0-0: Swinging Strike
0-1: Foul Ball, location: 5F
0-2: Strikes out swinging
Batting: RHB Ezequiel Tovar 0-0: Ball
1-0: Ball
Brennen Davis steals 2nd base
2-0: Ball
3-0: Base on Balls
Batting: RHB Jonny DeLuca 0-0: Called Strike
0-1: Ball
1-1: Swinging Strike
1-2: Strikes out swinging
Top of the 5th over - 0 runs, 1 hit, 0 errors, 2 left on base; San Diego 1 - Toronto 1
BOTTOM OF THE 5TH
Toronto Blue Pirates batting - Pitching for San Diego Padres : RHP Huascar Ynoa
Batting: RHB Xander Bogaerts 0-0: Ball
1-0: Ball
2-0: Ball
3-0: Base on Balls
Batting: LHB Bryson Stott 0-0: Called Strike
Xander Bogaerts steals 2nd base
0-1: Called Strike
0-2: Strikes out swinging
Batting: RHB Luis Torrens 0-0: Ball
1-0: Fly out, F2 (Popup, 3SF, EV 80.6 MPH)
Batting: LHB Steven Kwan 0-0: Ball
1-0: Ball
2-0: Called Strike
2-1: Ball
3-1: Called Strike
3-2: Ground out 2-3 (Groundball, 15S, EV 68.8 MPH)
Bottom of the 5th over - 0 runs, 0 hits, 0 errors, 1 left on base; San Diego 1 - Toronto 1
TOP OF THE 6TH
San Diego Padres batting - Pitching for Toronto Blue Pirates : LHP John Means
Batting: LHB Nolan Jones 0-0: Ball
1-0: Ball
2-0: Swinging Strike
2-1: Called Strike
2-2: Foul Ball, location: 2F
2-2: Ball
3-2: Foul Ball, location: 25FF
3-2: TRIPLE (Line Drive, 89XD, EV 108.1 MPH)
Batting: RHB Anthony Volpe 0-0: Foul Ball, location: 3F
0-1: Ball
1-1: Fly out, F8 (Flyball, 8LM, EV 91.9 MPH)
Runner from 3rd tags up, SCORES, throw by CF
Batting: RHB Danny Jansen 0-0: Called Strike
0-1: Ground out 3-1 (Groundball, 34S, EV 89.4 MPH)
Batting: RHB Bryan Ramos 0-0: Called Strike
0-1: Foul Ball, location: 2F
0-2: Ball
1-2: Ball
2-2: Ball
3-2: Strikes out swinging
Top of the 6th over - 1 run, 1 hit, 0 errors, 0 left on base; San Diego 2 - Toronto 1
BOTTOM OF THE 6TH
Toronto Blue Pirates batting - Pitching for San Diego Padres : RHP Huascar Ynoa
Batting: RHB Kevin Newman 0-0: Called Strike
0-1: Reached on error, E6 (Groundball, 6M, EV 92.5 MPH)
Batting: LHB Christian Yelich 0-0: Ball
Kevin Newman is caught stealing 2nd base 2-6
1-0: Fly out, F4 (Line Drive, 4, EV 66.9 MPH)
Batting: RHB Yandy Diaz 0-0: Called Strike
0-1: Ball
1-1: Called Strike
1-2: Ball
2-2: SINGLE (Groundball, 6MD, EV 96.9 MPH)
Batting: LHB Jack Suwinski 0-0: Fly out, F4 (Popup, 4MD, EV 75.6 MPH)
Bottom of the 6th over - 0 runs, 1 hit, 1 error, 1 left on base; San Diego 2 - Toronto 1
TOP OF THE 7TH
San Diego Padres batting - Pitching for Toronto Blue Pirates : LHP John Means
Batting: SHB Victor Caratini 0-0: Fly out, F9 (Flyball, 9, EV 93.1 MPH)
Batting: RHB Brennen Davis 0-0: Ball
1-0: Foul Ball, location: 2F
1-1: SINGLE (Line Drive, 78S, EV 88.1 MPH)
Batting: LHB Kyle Isbel 0-0: Ball
1-0: Called Strike
1-1: Fly out, F3 (Line Drive, 3L, EV 68.1 MPH)
Lined into DP, U3 (Line Drive, 3L, EV 68.1 MPH)
Top of the 7th over - 0 runs, 1 hit, 0 errors, 0 left on base; San Diego 2 - Toronto 1
BOTTOM OF THE 7TH
Toronto Blue Pirates batting - Pitching for San Diego Padres : RHP Huascar Ynoa
Pitching: RHP Alexis Diaz
Batting: RHB Willson Contreras 0-0: Called Strike
0-1: Ball
1-1: Foul Ball, location: 5F
1-2: Foul Ball, location: 2F
1-2: Strikes out looking
Batting: RHB Xander Bogaerts 0-0: Ball
1-0: Swinging Strike
1-1: SINGLE (Flyball, 78S, EV 95.0 MPH)
Batting: LHB Bryson Stott 0-0: Ball
1-0: Fielders Choice at 2nd, 3-6 (Groundball, 3S, EV 84.4 MPH)
Batting: RHB Luis Torrens 0-0: Ball
Bryson Stott steals 2nd base
1-0: Foul Ball, location: 9LDF
1-1: Foul Ball, location: 2F
1-2: Ground out 4-3 (Groundball, 4, EV 83.1 MPH)
Bottom of the 7th over - 0 runs, 1 hit, 0 errors, 1 left on base; San Diego 2 - Toronto 1
TOP OF THE 8TH
San Diego Padres batting - Pitching for Toronto Blue Pirates : LHP John Means
Batting: RHB Ezequiel Tovar 0-0: Fly out, F8 (Flyball, 89M, EV 90.6 MPH)
Batting: RHB Jonny DeLuca 0-0: Called Strike
0-1: Ball
1-1: Ball
2-1: Ball
3-1: Fly out, F4 (Popup, 3S, EV 87.5 MPH)
Pitching: RHP Daulton Jefferies
Batting: LHB Nolan Jones 0-0: Ball
1-0: Ball
2-0: Ground out 4-3 (Groundball, 4, EV 79.4 MPH)
Top of the 8th over - 0 runs, 0 hits, 0 errors, 0 left on base; San Diego 2 - Toronto 1
BOTTOM OF THE 8TH
Toronto Blue Pirates batting - Pitching for San Diego Padres : RHP Alexis Diaz
Batting: LHB Steven Kwan 0-0: DOUBLE (Line Drive, 7LM, EV 97.5 MPH)
Pinch Hitting: LHB Brandon Belt 0-0: Ball
1-0: Called Strike
1-1: Foul Ball, location: 2F
1-2: Strikes out swinging
Batting: LHB Christian Yelich 0-0: Ball
1-0: Ball
2-0: Swinging Strike
2-1: Ball
3-1: Foul Ball, location: 2F
3-2: Base on Balls
Pitching: RHP Jason Foley
Batting: RHB Yandy Diaz 0-0: Ball
1-0: Ball
2-0: Called Strike
2-1: Ball
3-1: Called Strike
3-2: Ground out 5-3 (Groundball, 56S, EV 82.5 MPH)
Steven Kwan to third
Christian Yelich to second
Batting: LHB Jack Suwinski 0-0: Foul Ball, location: 2F
0-1: Called Strike
0-2: Foul Ball, location: 23FF
0-2: Ball
1-2: Foul Ball, location: 2F
1-2: Ball
2-2: Ball
3-2: SINGLE (Line Drive, 8LS, EV 85.0 MPH)
Steven Kwan scores
Christian Yelich to third
Runner from 3rd tries for Home, SAFE, throw by CF to home
Batting: RHB Willson Contreras 0-0: Swinging Strike
0-1: Ground out 1-3 (Groundball, 15S, EV 63.8 MPH)
Bottom of the 8th over - 2 runs, 2 hits, 0 errors, 1 left on base; San Diego 2 - Toronto 3
TOP OF THE 9TH
San Diego Padres batting - Pitching for Toronto Blue Pirates : RHP Daulton Jefferies
Pitching: RHP Ben Joyce
Now at 2B: Xander Bogaerts
Now at 3B: Ryan McMahon
Now in LF: Jack Suwinski
Now in RF: Austin Slater
Batting: RHB Anthony Volpe 0-0: Called Strike
0-1: Fly out, F7 (Flyball, 78M, EV 75.0 MPH)
Pinch Hitting: LHB Will Benson 0-0: Foul Ball, location: 2RF
0-1: Foul Ball, location: 5DF
0-2: SINGLE (Line Drive, 9S, EV 91.3 MPH)
Pinch Hitting: LHB Tony Kemp 0-0: Called Strike
0-1: Foul Ball, location: 2LF
0-2: Ball
1-2: Ball
2-2: Foul Ball, location: 7LDF
2-2: Ball
3-2: Base on Balls
Will Benson to second
Batting: SHB Victor Caratini 0-0: Called Strike
0-1: Ball
1-1: Grounds into double play, 4-6-3 (Groundball, 4, EV 83.1 MPH)
Top of the 9th over - 0 runs, 1 hit, 0 errors, 1 left on base; San Diego 2 - Toronto 3
Thursday, March 28th , 2024 - OOTP Baseball 24.11 Build 85